 Seeded DCSS version 0.30.0-30-g96aa6591b8 (webtiles) character file.

Game seed: 5262528099854255737 (custom seed)

146 CInkIbrahim the Slasher (level 5, 22/38 HPs)
             Began as a Demonspawn Gladiator on June 28, 2023.
             Quit the game on level 2 of the Dungeon.
             The game lasted 00:03:05 (1143 turns).

CInkIbrahim the Slasher (Demonspawn Gladiator)      Turns: 1143, Time: 00:03:05

Health: 22/38      AC:  8    Str: 20    XL:     5   Next: 7%
Magic:  5/5        EV: 12    Int:  9    God:
Gold:   171        SH:  0    Dex: 17    Spells: 4/4 levels left

rFire   + . .        b - +0 short sword (vamp)
rCold   . . .        (no shield)
rNeg    . . .        k - +1 ring mail {rF+}
rPois   +            (helmet restricted)
rElec   .            l - +1 cloak
rCorr   .            (no gloves)
SInv    .            (no boots)
Will    .....        (no amulet)
Stlth   +            h - ring of poison resistance
HPRegen 0.26/turn    o - +6 ring of strength
MPRegen 0.09/turn

%: no passive effects
@: no status effects
A: hooves 1, horns 1, demonic magic 1
a: no special abilities


You were on level 2 of the Dungeon.
You visited 1 branch of the dungeon, and saw 2 of its levels.

You collected 171 gold pieces.

Inventory:

Hand Weapons
 a - a +0 long sword
 b - a +0 vampiric short sword (weapon)
Missiles
 d - 3 throwing nets (quivered)
 e - a javelin
Armour
 c - a +0 helmet
 i - a +0 leather armour
 j - a +0 kite shield
 k - a +1 ring mail of fire resistance (worn)
 l - a +1 cloak (worn)
Jewellery
 h - a ring of poison resistance (left hand)
 o - a +6 ring of strength (right hand)
Scrolls
 m - a scroll of fear {unknown}
 q - a scroll of immolation {unknown}
 r - a scroll of acquirement {unknown}
Potions
 f - a potion of haste {unknown}
 g - 2 potions of might {unknown}
 n - a potion of heal wounds {unknown}
 p - a potion of curing {unknown}


   Skills:
 - Level 2.0 Fighting
 + Level 5.3 Long Blades
 - Level 1.7 Throwing
 - Level 2.6 Dodging


You had 4 spell levels left.
You didn't know any spells.
Your spell library was empty.

Dungeon Overview and Level Annotations

Branches:
Dungeon (2/15)

Altars:

Shops:
D:1 :


Innate Abilities, Weirdness & Mutations

You have large cloven feet.
You have a pair of small horns on your head.
Spells you cast may paralyse adjacent enemies.


Message History

The adder is almost dead.
The adder closely misses you.
The phantom hits you but does no damage.
The frilled lizard barely misses you. The adder misses you.
You hit the adder.
You feel better.
You kill the adder!
The frilled lizard closely misses you.
The phantom hits you but does no damage.
You have reached level 4!
You feel agile.
You closely miss the phantom.
The phantom is almost destroyed.
The frilled lizard barely misses you. The phantom misses you.
You hit the phantom but do no damage. Your headbutt misses the phantom.
The phantom is almost destroyed.
The frilled lizard completely misses you.
The phantom barely misses you.
You barely miss the phantom. Your headbutt misses the phantom.
The phantom is almost destroyed.
You hit the phantom.
You destroy the phantom!
The frilled lizard misses you.
Your Long Blades skill increases to level 5!
You have reached level 5!
Your demonic ancestry asserts itself...
Your feet thicken and deform.
You closely miss the frilled lizard. Your kick misses the frilled lizard.
The frilled lizard closely misses you.
You hit the frilled lizard but do no damage.
Your kick misses the frilled lizard.
The frilled lizard bites you but does no damage.
You miss the frilled lizard.
You kick the frilled lizard, but do no damage.
Your headbutt misses the frilled lizard.
The frilled lizard barely misses you.
You hit the frilled lizard.
You feel better.
You kill the frilled lizard!
You see here a frilled lizard corpse.
Unknown command.
Are you sure you want to abandon this character and quit the game? (Confirm with "yes".)

#.#≈≈≈≈≈≈.≈≈≈≈≈
#.#≈...........
#.#≈...........
#.#≈..#≈≈≈≈≈#..
#.#≈..≈≈###≈≈..
#.#≈..≈## ≈..
#.'...≈# ≈...+
###≈..≈##
#≈..≈#
#≈†@≈≈###≈≈..≈#
#≈..#≈≈≈≈≈#..≈#
#≈...........≈#
#≈...........≈#
#≈≈≈≈≈≈.≈≈≈≈≈≈#
#######'#####
#.##..#
#.....########
####.<........


There were no monsters in sight!

Vanquished Creatures
  A phantom (D:2)
  3 adders (D:2)
  2 dart slugs
  2 bats (D:1)
  5 endoplasms
  A giant cockroach (D:1)
  8 goblins
  2 jackals (D:1)
  A quokka (D:1)
  3 ball pythons
  2 frilled lizards
  2 kobolds
  5 rats
37 creatures vanquished.

Notes
Turn   | Place    | Note
-------+----------+-------------------------------------------
     0 | D:1      | CInkIbrahim the Demonspawn Gladiator began the quest for
                  | the Orb.
     0 | D:1      | Reached XP level 1. HP: 16/16 MP: 1/1
    95 | D:1      | Reached skill level 3 in Long Blades
    98 | D:1      | Discovered your monstrous ancestry.
    98 | D:1      | Gained mutation: You have a pair of small horns on your
                  | head. [demonic ancestry]
    98 | D:1      | Reached XP level 2. HP: 12/22 MP: 2/2
   103 | D:1      | HP: 1/22 [rat (3)]
   440 | D:1      | Found Zojak's Book Boutique.
   791 | D:2      | Gained mutation: Spells you cast may paralyse adjacent
                  | enemies. [demonic ancestry]
   791 | D:2      | Reached XP level 3. HP: 24/27 MP: 3/3
   921 | D:2      | Reached skill level 4 in Long Blades
  1091 | D:2      | Noticed a phantom
  1134 | D:2      | Reached XP level 4. HP: 16/33 MP: 4/4
  1137 | D:2      | Killed a phantom
  1138 | D:2      | Reached skill level 5 in Long Blades
  1138 | D:2      | Gained mutation: You have large cloven feet. [demonic
                  | ancestry]
  1138 | D:2      | Reached XP level 5. HP: 19/38 MP: 5/5
  1143 | D:2      | Quit the game

Illustrated notes

Levels and vault maps discovered:
D:1:      scummos_arrival_simple_crosswalls, layout_basic, serial_shops, shop,
          skrybe_limestone_x
D:2:      layout_loops_ring, serial_shops, nicolae_shop_waterfront,
          grunt_ministairs_15, kennysheep_path_1, guppyfry_early_lair_pool

Skill      XL: |  1  2  3  4 |
---------------+-------------+-----
Long Blades    | 3 4 5 |  5.3
Fighting       | |  2.0
Throwing       | |  1.7
Dodging        | |  2.6

Action                     |  1- 3 |  4- 6 || total
---------------------------+-------+-------++-------
  Melee: Long sword        |    46 |       ||    46
         Short sword       |    78 |     8 ||    86
         Headbutt          |    16 |       ||    16
         Kick              |       |     1 ||     1
   Stab: Sleeping          |     1 |       ||     1
 Armour: Leather armour    |    23 |       ||    23
         Ring mail         |    34 |     1 ||    35
  Dodge: Dodged            |   109 |     7 ||   116
